Map: King's Cove LE

Players

racherich - Winner!

  • Race: Zerg Zerg
  • League: Diamond
  • Spawn Location: 11:00

A.I. 1 (Hard)

  • Race: Terran Terran
  • Spawn Location: 5:00

VOD

Have the link to the VOD?

Description

First time building gasless vs terran AI

Time

  • Played on: Feb. 20, 2019, 1:01 p.m.
  • Length: 15:21
Show
View Real Time Build Order
Export as new Build Order

racherich Zerg - Winner!

Build Orders: Hatch First 

Get SALT Encoding   

  12  0:01  Drone  
  13  0:12  Overlord  
  13  0:18  Drone  
  14  0:31  Drone x2  
  14  0:35  Drone  
  17  0:55  Hatchery  
  16  1:00  Drone  
  17  1:05  Extractor  
  17  1:06  Drone  
  17  1:18  Spawning Pool  
  16  1:22  Drone  
  16  1:25  Drone  
  18  1:38  Drone  
  18  1:39  Overlord  
  19  1:53  Drone  
  20  2:04  Queen  
  22  2:10  Queen  
  22  2:14  Zergling x4  
  26  2:19  Drone x2  
  28  2:29  Drone x2  
  30  2:40  Queen  
  30  2:43  Overlord  
  32  2:49  Drone  
  32  2:50  Drone  
  34  2:56  Overlord  
  34  2:59  Drone  
  34  3:01  Drone  
  34  3:03  Metabolic Boost  
  34  3:04  Drone  
  37  3:17  Drone x4  
  42  3:20  Drone x3  
  44  3:32  Hatchery  
  43  3:40  Drone x4  
  47  3:44  Overlord  
  47  3:45  Queen  
  47  3:49  Queen  
  49  4:00  Baneling Nest  
  48  4:07  Drone  
  48  4:09  Drone x2  
  51  4:10  Drone  
  51  4:11  Drone x2  
  51  4:15  Drone  
  55  4:20  Queen  
  57  4:24  Queen  
  57  4:26  Drone  
  57  4:28  Overlord x2  
  60  4:54  Drone x9  
  60  4:55  Queen  
  60  4:56  Queen  
  73  5:00  Queen  
  75  5:16  Extractor  
  75  5:20  Evolution Chamber  
  73  5:21  Evolution Chamber  
  72  5:42  Lair  
  72  5:44  Drone x4  
  72  5:45  Drone  
  72  5:47  Extractor  
  72  5:48  Extractor  
  75  5:52  Extractor  
  75  5:53  Extractor  
  75  5:54  Drone x3  
  75  5:56  Drone x2  
  78  5:58  Drone  
  78  6:00  Drone x3  
  78  6:02  Overlord x2  
  78  6:03  Overlord x4  
  82  6:12  Zerg Melee Weapons Level 1  
  82  6:31  Zergling x4  
  82  6:32  Zergling x18  
  93  6:36  Zerg Ground Armor Level 1  
  93  6:39  Drone x2  
  95  6:45  Drone x2  
  95  6:47  Drone  
  98  6:53  Drone  
  99  6:57  Drone  
  100  7:04  Baneling  
  100  7:05  Baneling x10  
  100  7:07  Zergling x16  
  98  7:27  Zergling x10  
  102  7:47  Hatchery  
  102  7:50  Hatchery  
  100  7:58  Overlord x5  
  100  7:59  Overlord x2  
  100  8:04  Hatchery  
  99  8:31  Zergling x18  
  99  8:32  Zergling x8  
  112  8:45  Baneling  
  112  8:46  Baneling x22, Extractor  
  112  8:47  Baneling x3  
  111  8:49  Extractor  
  110  9:26  Queen  
  110  9:29  Drone x3  
  110  9:30  Drone x3  
  118  9:32  Drone x5  
  118  9:33  Drone  
  124  9:39  Overlord  
  124  9:40  Overlord x6  
  124  10:16  Spire  
  124  10:17  Spire, Zerg Melee Weapons Level 2  
  124  10:19  Zerg Ground Armor Level 2  
  122  10:36  Zergling x8  
  122  10:37  Zergling x48  
  122  10:38  Zergling x16  
  149  11:19  Centrifical Hooks  
  146  11:35  Mutalisk x12  
  146  11:36  Mutalisk x15  
  200  11:44  Overlord x2  
  199  12:38  Baneling  
  199  12:39  Baneling x18  
  199  12:40  Baneling x18  
  199  12:41  Baneling x21  
  199  12:42  Baneling x21  
  199  12:43  Baneling x7  
  175  13:30  Zergling x14  
  175  13:31  Zergling x46  
  175  13:32  Zergling x4  
  167  13:58  Zergling x18  
  167  13:59  Zergling x38  
  184  15:02  Hatchery  
  184  15:04  Hatchery  
Show
View Real Time Build Order
Export as new Build Order

A.I. 1 (Hard) Terran 

Build Orders:  

Get SALT Encoding   

  12  0:00  SCV  
  13  0:13  SCV  
  14  0:19  Supply Depot  
  14  0:25  SCV  
  15  0:41  SCV  
  16  0:45  Barracks  
  16  0:50  Refinery  
  16  0:53  SCV  
  17  1:05  SCV  
  18  1:17  SCV  
  19  1:24  Supply Depot  
  19  1:30  SCV  
  20  1:33  Marine  
  21  1:43  Barracks, Orbital Command  
  21  1:53  Barracks Tech Lab, Refinery  
  21  2:11  Marine, Supply Depot  
  22  2:29  Marine  
  23  2:32  Marine  
  24  2:47  Marine, Supply Depot  
  24  2:50  Marine  
  26  3:04  Marine  
  27  3:08  Marine  
  28  3:17  SCV  
  29  3:21  Supply Depot  
  29  3:23  Marauder  
  29  3:25  Marine  
  32  3:29  SCV  
  33  3:38  Engineering Bay  
  33  3:41  SCV  
  33  3:43  Marine  
  33  3:46  Marine  
  36  3:54  SCV  
  37  4:01  Marine  
  38  4:05  Marauder  
  38  4:06  SCV  
  41  4:18  SCV  
  42  4:26  Marauder  
  44  4:47  Marauder  
  46  5:09  Marauder  
  48  6:22  Barracks Tech Lab  
  48  6:23  Reaper, Terran Infantry Weapons Level 1, Stimpack  
  48  6:24  Factory  
  49  6:27  Factory  
  49  6:28  Missile Turret  
  49  6:30  Missile Turret  
  49  6:38  Command Center, Barracks  
  49  6:39  Supply Depot  
  49  6:40  Concussive Shells, Marauder  
  51  6:54  Bunker  
  51  6:55  Reaper  
  52  7:08  Factory Tech Lab  
  52  7:11  Marine  
  51  7:16  Starport  
  51  7:20  Sensor Tower  
  51  7:22  Combat Shield, Factory Tech Lab  
  41  7:27  Marine  
  41  7:29  Marauder  
  36  7:36  Marine  
  35  7:45  Marine  
  35  7:50  SCV  
  35  7:51  Marauder  
  39  7:52  SCV  
  39  7:57  Refinery  
  40  8:03  SCV, Armory, Marauder  
  40  8:04  SCV, Marine, Refinery, Starport Tech Lab  
  45  8:12  Marine  
  46  8:15  SCV  
  46  8:16  SCV  
  46  8:18  Terran Infantry Armor Level 1  
  48  8:23  Barracks Reactor, Raven  
  48  8:24  Marine  
  51  8:27  SCV  
  51  8:28  SCV  
  51  8:29  Marine  
  54  8:39  SCV  
  54  8:40  SCV  
  56  8:42  Marauder  
  56  8:47  Marine  
  59  8:51  SCV  
  59  8:52  SCV  
  61  9:03  SCV, Marine  
  61  9:05  SCV, Marine  
  61  9:06  Raven  
  61  9:08  Supply Depot  
  67  9:12  Marine  
  67  9:15  SCV  
  67  9:17  SCV  
  70  9:20  Marauder  
  72  9:27  SCV  
  72  9:29  SCV  
  74  9:39  SCV  
  74  10:47  Siege Tank  
  74  10:49  Supply Depot  
  77  10:53  Siege Tank  
  80  10:58  Engineering Bay, Command Center  
  80  11:10  Medivac, Terran Infantry Weapons Level 2  
  82  11:13  Supply Depot  
  82  11:17  Terran Vehicle Weapons Level 1  
  72  11:19  Widow Mine  
  72  11:23  Terran Infantry Armor Level 2  
  56  11:25  Siege Tank  
  56  11:26  Marine  
  60  11:33  Marine  
  60  11:39  Marine  
  62  11:40  Supply Depot, Raven  
  62  11:46  Marine  
  64  11:52  Marine  
  65  11:59  Siege Tank  
  68  12:06  Widow Mine  
  70  12:10  SCV  
  70  12:12  Marine, SCV  
  70  12:13  Missile Turret  
  70  12:14  SCV  
  70  12:15  Missile Turret  
  74  12:18  Marine  
  74  12:22  Refinery  
  75  12:23  SCV, Raven  
  75  12:24  Marine  
  75  12:25  SCV  
  75  12:26  SCV  
  75  12:28  Ghost Academy  
  81  12:30  Refinery  
  81  12:31  Thor  
  81  12:32  Fusion Core  
  81  12:35  SCV, Armory  
  87  12:37  SCV, Thor  
  87  12:39  SCV, Starport  
  95  12:47  SCV  
  95  12:49  SCV  
  95  12:51  SCV  
  98  12:59  SCV  
  98  13:01  SCV  
  98  13:03  SCV  
  101  13:06  Medivac  
  101  13:11  SCV  
  104  13:13  SCV  
  104  13:14  Siege Tank  
  104  13:15  SCV, Medivac  
  104  13:16  Marine  
  92  13:21  Hellion  
  92  13:23  SCV  
  92  13:24  Marine  
  92  13:25  SCV  
  88  13:27  SCV  
  88  13:28  Marauder  
  88  13:32  Marauder  
  75  13:35  SCV  
  75  13:36  Viking  
  73  13:42  Hellion  
  73  13:46  Starport Reactor  
  73  13:48  Hellion, Starport Tech Lab  
  59  13:49  Marauder  
  59  13:53  Marauder  
  50  14:03  Hellion  
  50  14:08  Marine  
  46  14:15  Siege Tank  
  26  14:25  Siege Tank  
  26  14:28  SCV  
  26  14:36  SCV  
  17  14:41  Marine  
  15  14:49  SCV  
  4  15:01  SCV  
Tags
 
League
Diamond
Matchup
TvZ
Spawn Locations
Cross Positions
Add a new tag
Caveats
  • Supply blocks, unpowered buildings, or Contaminate may cause inaccurate times.
  • Supply counts are checked every 10 seconds.